 Dungeon Crawl Stone Soup version 0.24-a0-586-g8e0e932a4c (webtiles) character file.

Game seed: 10669820836847907169, levelgen mode: deterministic

21 MenacingMecha the Digger (level 2, -5/13 HPs)
             Began as a Vine Stalker Earth Elementalist on Sept 8, 2019.
             Slain by a gnoll
             ... wielding a +1 whip of electrocution
              (8 damage)
             ... on level 1 of the Dungeon.
             The game lasted 00:02:18 (845 turns).

MenacingMecha the Digger (VSEE)                      Turns: 845, Time: 00:02:19

Health: -5/13      AC:  2    Str: 10    XL:     2   Next: 87%
Magic:  0/6        EV: 12    Int: 15    God:
Gold:   41         SH:  0    Dex: 14    Spells: 2/5 levels left

rFire    . . .     SeeInvis .   f - +1 whip (distort) {!w}
rCold    . . .     Gourm    .   (no shield)
rNeg     . . .     Faith    .   c - +0 robe
rPois    .         Spirit   +   (no helmet)
rElec    .         Reflect  .   (no cloak)
rCorr    .         Harm     .   (no gloves)
MR       .....                  (no boots)
Stlth    ++........             (no amulet)
HPRegen  0.04/turn              (no ring)
MPRegen  0.10/turn              (no ring)

@: no status effects
A: fangs 2, magic shield, antimagic bite, no potion heal 3, rot immunity
a: no special abilities


You were on level 1 of the Dungeon.
You were not hungry.

You visited 1 branch of the dungeon, and saw 1 of its levels.

You collected 41 gold pieces.

Inventory:

Hand Weapons
 f - a +1 whip of distortion (weapon) {!w}
   (You took it off a kobold on level 1 of the Dungeon)
 g - a +0 club
   (You took it off a kobold on level 1 of the Dungeon)
 h - a +0 club
   (You took it off a goblin on level 1 of the Dungeon)
Missiles
 b - 42 stones (quivered)
Armour
 c - a +0 robe (worn)
Scrolls
 e - a scroll of random uselessness {unknown}
 i - a scroll of fear {unknown}
Potions
 a - 2 potions of haste {unknown}
 j - a potion of brilliance {unknown}
 k - a potion of lignification {unknown}
Comestibles
 d - a ration
 l - 2 chunks of flesh


   Skills:
 - Level 1.5 Dodging
 - Level 2.4 Stealth
 + Level 2.3 Spellcasting
 - Level 1.0 Transmutations
 + Level 3.9 Earth Magic


You had 2 spell levels left.
You knew the following spells:

 Your Spells              Type           Power        Failure   Level  Hunger
a - Sandblast             Erth           ##....       4%          1    #......
w - Passwall              Tmut/Erth      #.......     12%         2    ###....

Your spell library contained the following spells:

 Spells                   Type           Power        Failure   Level  Hunger
 Stone Arrow              Conj/Erth      #.....       28%         3    ###....
 Petrify                  Tmut/Erth      #.......     61%         4    #####..
 Lee's Rapid Deconstruct  Erth           ##........   75%         5    ######.


Dungeon Overview and Level Annotations

Branches:
Dungeon (1/15)

Altars:


Innate Abilities, Weirdness & Mutations

You have extremely sharp teeth.
When hurt, damage is shared between your health and your magic reserves.
Your bite disrupts and absorbs the magic of your enemies.
Potions cannot restore your health.
You are immune to rotting.


Message History

All of the chunks of flesh in your inventory have rotted away.
Done waiting.
Memorise Passwall, consuming 2 spell levels and leaving 2?
You start memorising the spell.
You continue memorising. x2
You finish memorising.
Spell assigned to 'w'.
Okay, then.
A kobold comes into view. It is wielding a +1 whip of distortion.
The kobold shouts!
The kobold closely misses you.
You hit the kobold.
You kill the kobold!
b - 42 stones (gained 4)
Things that are here:
a +1 whip of distortion {!w}; a kobold corpse
f - a +1 whip of distortion {!w} Wield which item (- for none, * to show all)? (? for menu, Esc to quit)
Really wield
f - a +1 whip of distortion {!w}?
Space warps around you for a moment!
f - a +1 whip of distortion (weapon)
{!w}
k - a fuming dark potion A goblin comes into view.
It is wielding a +0 club.
A goblin is nearby!
The helpless goblin fails to defend itself.
You hit the goblin.
Space bends around the goblin.
Your bite misses the goblin.
The goblin is severely wounded.
The goblin misses you.
You hit the goblin.
You kill the goblin!
Things that are here:
a +0 club; a goblin corpse You butcher the goblin corpse.
l - 2 chunks of flesh
Things that are here:
a +0 club; a goblin skeleton You see here a robe.
You now have 37 gold pieces (gained 10).
You see here a +0 club.
A jackal comes into view.
The jackal barks!
You hear a bark!
A jackal comes into view.
The jackal bites you but does no damage.
You hear a bark!
The jackal barks!
You hit the jackal.
Space warps horribly around the jackal!!
You kill the jackal!
A jackal comes into view.
The jackal barks!
You hit the jackal. Your bite misses the jackal.
The jackal is heavily wounded.
The jackal blinks!
A jackal comes into view.
The jackal barks!
The jackal barely misses you.
You closely miss the jackal.
The jackal is moderately wounded.
The jackal bites you but does no damage.
The jackal misses you. The jackal closely misses you.
You hit the jackal.
You kill the jackal!
The jackal barely misses you.
The jackal stops to sniff the ground.
The jackal barely misses you.
You closely miss the jackal. You bite the jackal, but do no damage.
The jackal closely misses you. The jackal barely misses you. x2
The jackal bites you but does no damage.
You hit the jackal. You bite the jackal. You drain its power.
The jackal is almost dead.
The jackal closely misses you. The jackal barely misses you.
The jackal misses you.
You hit the jackal but do no damage.
Space bends around the jackal.
You kill the jackal!
The jackal misses you. The jackal bites you.
You hit the jackal.
The jackal is severely wounded.
The jackal bites you.
You closely miss the jackal. You bite the jackal. You drain its power.
You feel invigorated.
The jackal is almost dead.
The jackal closely misses you. The jackal completely misses you.
You hit the jackal.
You kill the jackal!
No target in view!
No target in view!
No target in view!
No target in view!
You now have 41 gold pieces (gained 4).
Found a stone staircase leading down.
HP restored.
There is a stone staircase leading down here.
A gnoll comes into view.
It is wielding a +1 whip of electrocution.
A gnoll is nearby!
A rat comes into view.
The gnoll shouts!
The gnoll hits you with a +1 whip of electrocution.
You are electrocuted!
* * * LOW HITPOINT WARNING * * *
The gnoll hits you with a +1 whip of electrocution!
Ouch! That really hurt!
You die...

.......
#..#...
#..##.#
#..##.#
#.r##.#
#.....#
#g#..###
#@.....#
###.##.#
#.##.#
#.##.#
#.##.#
#.##.#
..##.#
#.#
#.##.#
#.# #.#


You could see a gnoll and a rat (wandering).

Vanquished Creatures
  A bat (D:1)
  5 goblins (D:1)
  A hobgoblin (D:1)
  4 jackals (D:1)
  2 kobolds (D:1)
  A ball python (D:1)
  5 rats (D:1)
19 creatures vanquished.

Notes
Turn   | Place    | Note
-------+----------+-------------------------------------------
     0 | D:1      | MenacingMecha the Vine Stalker Earth Elementalist began the
                  | quest for the Orb.
     0 | D:1      | Reached XP level 1. HP: 9/9 MP: 4/4
   144 | D:1      | Reached XP level 2. HP: 12/13 MP: 3/6
   594 | D:1      | Learned a level 2 spell: Passwall
   844 | D:1      | HP: 3/13 [gnoll/+1 whip of electrocution (6)]
   845 | D:1      | Slain by a gnoll

Levels and vault maps discovered:
D:1:      dpeg_arrival_ratfight, layout_loops_ring

Action                   || total
-------------------------++-------
Melee: Unarmed           ||    10
       Bite              ||     6
       Club              ||    14
       Whip              ||    12
 Cast: Sandblast         ||    10
 Stab: Sleeping          ||     3
Armor: Robe              ||     9
Dodge: Dodged            ||    38

Table legend:
 A = Non-vault XP
 B = Vault XP
 C = Vault XP percentage of total XP
 D = Non-vault monster count
 E = Vault monster count
 F = Vault count percentage of total count
                 A         B        C        D         E       F
            +---------+---------+-------+---------+---------+-------
      Total |      26 |       5 |  16.1 |      14 |       5 |  26.3
            +---------+---------+-------+---------+---------+-------
        D:1 |      26 |       5 |  16.1 |      14 |       5 |  26.3
            +---------+---------+-------+---------+---------+-------

Levels and vault maps discovered:
D:1:      dpeg_arrival_ratfight, layout_loops_ring

Table legend:
 A = Turns spent in this place as a percentage of turns spent in the entire game.
 B = Non-inter-level travel turns spent in this place as a percentage of non-inter-level travel turns spent in the entire game.
 C = Inter-level travel turns spent in this place as a percentage of turns spent in this place.
 D = Turns resting spent in this place as a percentage of non-inter-level travel turns spent in this place.
 E = Turns spent auto-exploring this place as a percentage of non-inter-level travel turns spent in this place.
 F = Non-inter-level travel turns spent in this place divided by the number of levels of this place that you've seen.
                   A       B       C       D       E      F
               +-------+-------+-------+-------+-------+----------------------
         Total | 100.0 | 100.0 |   0.0 |  50.9 |  27.2 | 845.0
       Dungeon | 100.0 | 100.0 |   0.0 |  50.9 |  27.2 | 845.0
               +-------+-------+-------+-------+-------+----------------------

Table legend:
 A = Kills in this place as a percentage of kills in entire the game.
 B = Kills by you in this place as a percentage of kills by you in the entire game.
 C = Kills by friends in this place as a percentage of kills by friends in the entire game.
 D = Other kills in this place as a percentage of other kills in the entire game.
 E = Experience gained in this place as a percentage of experience gained in the entire game.
 F = Experience gained in this place divided by the number of levels of this place that you have seen.
                   A       B       C       D       E      F
               +-------+-------+-------+-------+-------+----------------------
         Total | 100.0 | 100.0 |   N/A |   N/A | 100.0 |  31.0
       Dungeon | 100.0 | 100.0 |   N/A |   N/A | 100.0 |  31.0
               +-------+-------+-------+-------+-------+----------------------
